 Dungeon Crawl Stone Soup version 0.21-a0-513-gdcb3f5e (webtiles) character file.

5432 GoatyMcGoatface the Transmogrifier (level 10, -1/159 HPs)
             Began as an Ogre Transmuter on Dec 1, 2017.
             Was an Elder of Okawaru.
             Succumbed to a killer bee's poison
             ... on level 9 of the Dungeon on Dec 2, 2017.
             The game lasted 00:20:23 (10891 turns).

GoatyMcGoatface the Transmogrifier (OgTm)          Turns: 10891, Time: 00:20:23

Health: -1/159     AC:  2    Str: 22 (23) XL:     10   Next: 67%
Magic:  15/16      EV: 26    Int: 15 (17) God:    Okawaru [****..]
Gold:   490        SH:  0    Dex: 11 (14) Spells: 2/17 levels left

rFire    . . .     SeeInvis .     - Unarmed
rCold    . . .     Gourm    .   (shield currently unavailable)
rNeg     . . .     Faith    .   (armour currently unavailable)
rPois    x         Spirit   .   (helmet currently unavailable)
rElec    .         Reflect  .   (cloak currently unavailable)
rCorr    .         Harm     .   (gloves unavailable)
MR       +....                  (boots unavailable)
Stlth    ..........             y - amulet of magic regeneration
HPRegen  0.36/turn              r - +2 ring of strength
MPRegen  0.40/turn              w - ring of Shadows {Umbra +Inv Stlth+}

@: berserking, lethally poisoned (-1 -> -42), spider-form (expiring), heroism,
very slightly contaminated, wreathed by umbra, very quick
A: tiny, unfitting armour
a: End Transformation, Heroism, Renounce Religion, Evoke Invisibility


You were on level 9 of the Dungeon.
You worshipped Okawaru.
Okawaru was greatly pleased with you.
You were near starving.
You were a venomous arachnid creature.
You visited 2 branches of the dungeon, and saw 10 of its levels.

You collected 490 gold pieces.

Inventory:

Hand Weapons
 I - a +2 hunting sling of freezing
Missiles
 a - 142 arrows
 q - 91 bolts
 J - 28 sling bullets
Armour
 b - a +1 robe (melded)
 j - a +2 helmet
 z - a +2 cloak (melded)
Jewellery
 r - a +2 ring of strength (left front leg)
 w - the ring of Shadows (right front leg) {Umbra +Inv Stlth+}
   (You found it on level 7 of the Dungeon)

   [ring of stealth]

   It lets you turn invisible.
   It makes you more stealthy.
 y - an amulet of magic regeneration (around neck)
Wands
 E - a wand of flame (31)
 G - a wand of digging (13)
 H - a wand of paralysis (19)
Scrolls
 e - 4 scrolls of amnesia
 g - 5 scrolls of identify
 h - 3 scrolls of enchant armour
 n - 4 scrolls of teleportation
 o - 3 scrolls of remove curse
 v - a scroll of enchant weapon
 B - a scroll of magic mapping
Potions
 k - 2 potions of haste
 m - 2 potions of mutation
 u - a potion of might
 A - a potion of flight {unknown}
 C - a potion of lignification
 D - 4 potions of degeneration
Books
 c - a book of Changes

   Spells                             Type                      Level
   a - Beastly Appendage              Transmutation                1
   b - Sticks to Snakes               Transmutation                2
   c - Spider Form                    Transmutation/Poison         3
   d - Ice Form                       Ice/Transmutation            4
   e - Blade Hands                    Transmutation                5
 x - a book of Conjurations

   Spells                             Type                      Level
   a - Magic Dart                     Conjuration                  1
   b - Searing Ray                    Conjuration                  2
   c - Dazzling Spray                 Conjuration/Hexes            3
   d - Fulminant Prism                Conjuration/Hexes            4
   e - Force Lance                    Conjuration/Translocation    4
   f - Iskenderun's Mystic Blast      Conjuration                  4
Comestibles
 d - 3 bread rations
 l - 3 royal jellies
 p - 3 meat rations
 t - 35 fruits


   Skills:
 + Level 8.7(13.7) Fighting
 + Level 5.4(10.4) Dodging
 + Level 6.6(11.6) Unarmed Combat
 - Level 4.2 Spellcasting
 * Level 8.8 Transmutations
 + Level 5.3 Invocations


You had 2 spell levels left.
You knew the following spells:

 Your Spells              Type           Power        Failure   Level  Hunger
a - Beastly Appendage     Tmut           ####..       3%          1    None
b - Sticks to Snakes      Tmut           ####....     4%          2    ##.....
c - Spider Form           Tmut/Pois      ###.......   22%         3    ###....
d - Ice Form              Ice/Tmut       ###.....     50%         4    ####...
e - Blade Hands           Tmut           ####......   30%         5    ######.


Dungeon Overview and Level Annotations

Branches:
Dungeon (9/15)             Temple (1/1) D:5
   Lair: D:8-11         Orc: D:9-12

Altars:
Ashenzari
Cheibriados
Dithmenos
Elyvilon
Fedhas
Gozag
Kikubaaqudgha
Makhleb
Nemelex Xobeh
Okawaru
Qazlal
Sif Muna
Trog
Uskayaw
Vehumet
Wu Jian
Xom
Yredelemnul
Zin
The Shining One

Shops:
D:5 *


Innate Abilities, Weirdness & Mutations

You are too large for most types of armour.
((You have tough skin. (AC +1)))


Message History

It was a potion of berserk rage.
A red film seems to cover your vision as you go berserk!
You feel yourself moving faster!
You feel mighty!
* * * LOW HITPOINT WARNING * * *
You feel very sick. The killer bee completely misses you.
The killer bee stings you.
* * * LOW HITPOINT WARNING * * *
You are more poisoned.
The killer bee poisons you!
You barely miss the killer bee.
* * * LOW HITPOINT WARNING * * *
You feel sick. The killer bee closely misses you.
You miss the killer bee.
* * * LOW HITPOINT WARNING * * *
You feel sick. The killer bee closely misses you.
The killer bee buzzes angrily.
You maul the killer bee!!
You kill the killer bee!
Okawaru accepts your kill.
You die...

........##..#####.#
...............##.#
...÷#...##..##.##.#
....#.............#
##..#.#.##..#..####
##..#######.#..#
##..##.y..#.#..#
##..##.y%%y.#..######
.....# #....†s...#
##..## ###..######
.#..# #..# .#..# #..#
.#..#########..#
........##.##..######
....................#
....#.####.##.#######
#..##.# #.##.#


You could see a killer bee.

Vanquished Creatures
  A two-headed ogre (D:9)
  Joseph (D:9)
  A queen bee (D:9)
  Prince Ribbit (D:6)
  Menkaure (D:7)
  An ice beast (D:7)
  2 ogres
  A phantom (D:6)
  A necrophage (D:9)
  A centaur (D:8)
  3 bullfrogs
  2 big kobolds (D:9)
  3 scorpions
  A water moccasin skeleton (D:4)
  26 killer bees
  3 howler monkeys
  3 wights (D:9)
  4 crimson imps
  A bullfrog zombie (D:4)
  7 hounds
  3 bullfrog skeletons
  5 orc priests
  A quasit (D:7)
  2 jellies
  A centaur skeleton (D:7)
  A gnoll shaman (D:6)
  An iguana (D:4)
  11 orc wizards
  Natasha (thrice) (D:2)
  4 worker ants
  A worker ant zombie (D:4)
  9 gnolls
  9 adders
  2 shadow imps
  3 oozes
  An adder skeleton (D:6)
  A worm (D:4)
  A dart slug (D:1)
  6 leopard geckos
  20 orcs
  A ball python (D:5)
  A bat (D:1)
  6 giant cockroaches
  3 goblins
  11 hobgoblins
  4 jackals (D:6)
  5 quokkas
  2 ball python skeletons
  4 frilled lizards
  2 jackal skeletons
  8 kobolds
  2 leopard gecko skeletons
  A quokka zombie (D:9)
  6 rats
205 creatures vanquished.

Vanquished Creatures (collateral kills)
  A hound (D:6)
  2 adders (D:2)
  A gnoll (D:6)
  A worm (D:2)
  A bat (D:2)
6 creatures vanquished.

Grand Total: 211 creatures vanquished

Notes
Turn   | Place    | Note
-------+----------+-------------------------------------------
     0 | D:1      | GoatyMcGoatface the Ogre Transmuter began the quest for the Orb.
     0 | D:1      | Reached XP level 1. HP: 19/19 MP: 3/3
   297 | D:1      | Reached XP level 2. HP: 24/28 MP: 3/5
   358 | D:1      | Learned a level 2 spell: Sticks to Snakes
  1175 | D:2      | Reached XP level 3. HP: 34/35 MP: 5/7
  1284 | D:2      | Learned a level 3 spell: Spider Form
  1382 | D:2      | Noticed Natasha
  1398 | D:2      | Killed Natasha
  1598 | D:2      | Reached XP level 4. HP: 34/44 MP: 2/8
  1651 | D:2      | Found a burning altar of Makhleb.
  1656 | D:2      | Found an ancient bone altar of Kikubaaqudgha.
  1854 | D:2      | Noticed Natasha
  1868 | D:2      | Killed Natasha
  2139 | D:3      | Found a glowing golden altar of the Shining One.
  2282 | D:2      | Noticed Natasha
  2289 | D:2      | Killed Natasha
  2416 | D:3      | Reached XP level 5. HP: 40/52 MP: 6/9
  3203 | D:4      | Noticed an ogre
  3225 | D:4      | Killed an ogre
  3225 | D:4      | Reached XP level 6. HP: 61/62 MP: 4/11
  3556 | D:4      | Reached XP level 7. HP: 55/70 MP: 10/13
  3680 | D:4      | Learned a level 4 spell: Ice Form
  3953 | D:5      | Entered Level 5 of the Dungeon
  3957 | D:5      | Found Zin's Purification Station.
  3961 | D:5      | Found a glowing silver altar of Zin.
  3970 | D:5      | Found a snail-covered altar of Cheibriados.
  4459 | D:5      | Reached skill level 5 in Transmutations
  4539 | D:5      | Found a staircase to the Ecumenical Temple.
  4559 | D:5      | Reached skill level 5 in Fighting
  4566 | Temple   | Entered the Ecumenical Temple
  4658 | Temple   | Became a worshipper of Warmaster Okawaru
  5151 | D:6      | Noticed Prince Ribbit
  5186 | D:6      | Reached XP level 8. HP: 45/80 MP: 4/14
  5197 | D:6      | Killed Prince Ribbit
  5277 | D:6      | Reached * piety under Okawaru
  5473 | D:6      | Reached skill level 1 in Invocations
  5603 | D:6      | Found a sparkling altar of Nemelex Xobeh.
  5785 | D:6      | Found a shimmering altar of Xom.
  6191 | D:7      | Reached skill level 5 in Unarmed Combat
  6451 | D:7      | Noticed Menkaure
  6455 | D:7      | Killed Menkaure
  6455 | D:7      | Reached XP level 9. HP: 40/92 MP: 9/15
  6775 | D:7      | Found the ring of Shadows {Umbra +Inv Stlth+}
  7062 | D:7      | Reached ** piety under Okawaru
  7331 | D:7      | Found an ornate altar of the Wu Jian Council.
  9236 | D:8      | Learned a level 5 spell: Blade Hands
  9897 | D:9      | Reached XP level 10. HP: 68/104 MP: 11/16
  9999 | D:9      | Noticed a two-headed ogre
 10010 | D:9      | Killed a two-headed ogre
 10010 | D:9      | Reached *** piety under Okawaru
 10010 | D:9      | Reached skill level 5 in Dodging
 10202 | D:9      | Noticed Joseph
 10225 | D:9      | Killed Joseph
 10835 | D:9      | Reached skill level 5 in Invocations
 10847 | D:9      | Reached **** piety under Okawaru
 10888 | D:9      | HP: 4/159 [killer bee (6)]
 10890 | D:9      | HP: 1/159 [poisoned by a killer bee]
 10891 | D:9      | Succumbed to a killer bee's poison

Vault maps used:
D:1:      dpeg_arrival_boxes_within_box
D:2:      minitemple, uniq_natasha
D:3:      tso_metal_star
D:5:      zin_purify, minmay_temple_entry_statues_fountains, first_bread,
          hex_large, cheibriados_altar_1
D:6:      nemelex_xobeh_ov_fountains_minmay, nicolae_overflow_hidden_temple,
          uniq_prince_ribbit1
D:7:      basic_altar, kennysheep_generic_room_5, uniq_menkaure
D:9:      special_room, blue_anna_alchemist, uniq_joseph
Temple:   eino_temple_water

Skill      XL: |  1  2  3  4  5  6  7  8  9 10 |
---------------+-------------------------------+-----
Transmutations | 2 3 4 5 6 7 8 |  8.8
Fighting       | 2 3 4 5 6 7 8 |  8.7
Unarmed Combat | 3 4 5 6 |  6.6
Spellcasting   | 3 4 |  4.2
Dodging        | 2 3 4 5 |  5.4
Invocations    | 2 4 5 |  5.3

Action                   |  1- 3 |  4- 6 |  7- 9 | 10-12 || total
-------------------------+-------+-------+-------+-------++-------
Melee: Unarmed           |    81 |   147 |   449 |   109 ||   786
       Headbutt          |     3 |       |     2 |       ||     5
       Kick              |     6 |     3 |       |       ||     9
       Punch             |     2 |     3 |       |       ||     5
 Cast: Beastly Appendage |    19 |     5 |     1 |       ||    25
       Sticks to Snakes  |     8 |     3 |     2 |       ||    13
       Spider Form       |       |    12 |    49 |     8 ||    69
Invok: Heroism           |       |       |     8 |     4 ||    12
  Use: Potion            |     1 |       |    10 |     3 ||    14
       Scroll            |       |    11 |    11 |     1 ||    23
 Stab: Sleeping          |       |       |     4 |     1 ||     5
       Invisible         |       |       |       |     7 ||     7
  Eat: Chunk             |     3 |     9 |     9 |       ||    21
       Bread ration      |       |       |     4 |       ||     4
Armor: Robe              |    14 |    10 |    20 |     3 ||    47
       Skin              |       |     8 |    23 |     1 ||    32
Dodge: Dodged            |    42 |   106 |   458 |   116 ||   722

Table legend:
 A = Spawn XP
 B = Non-spawn XP
 C = Spawn XP percentage of total XP
 D = Spawn monster count
 E = Non-spawn monster count
 F = Spawn count percentage of total count
 G = Total turns spent on level
                    A         B        C        D         E        F      G
               +---------+---------+-------+---------+---------+-------+---------
         Total |       0 |    7761 |   0.0 |       0 |     211 |   0.0 | 10891
               +---------+---------+-------+---------+---------+-------+---------
           D:1 |       0 |      32 |   0.0 |       0 |      19 |   0.0 |  1125
           D:2 |       0 |     125 |   0.0 |       0 |      14 |   0.0 |  1167
           D:3 |       0 |      83 |   0.0 |       0 |      14 |   0.0 |   695
           D:4 |       0 |     600 |   0.0 |       0 |      25 |   0.0 |   966
           D:5 |       0 |     254 |   0.0 |       0 |      12 |   0.0 |  1086
           D:6 |       0 |     919 |   0.0 |       0 |      30 |   0.0 |   952
           D:7 |       0 |    1049 |   0.0 |       0 |      21 |   0.0 |  2282
           D:8 |       0 |     713 |   0.0 |       0 |      23 |   0.0 |  1292
           D:9 |       0 |    3986 |   0.0 |       0 |      53 |   0.0 |  1214
               +---------+---------+-------+---------+---------+-------+---------
